Map: Emerald City LE

Players

OpuS - Winner!

  • Race: Protoss Protoss
  • League: Platinum
  • Spawn Location: 5:00

Sketchaphone - Winner!

  • Race: Zerg Zerg
  • League: Platinum
  • Spawn Location: 5:00

Whorgez

  • Race: Protoss Protoss
  • League: Platinum
  • Spawn Location: 11:00

jabroot

  • Race: Terran Terran
  • Spawn Location: 11:00

VOD

Have the link to the VOD?

Description

Time

  • Played on: Feb. 12, 2019, 6:01 p.m.
  • Length: 15:22
Show
View Real Time Build Order
Export as new Build Order

OpuS Protoss - Winner!

Build Orders: 1 Gate Expand, Oracle Opening, Carriers 

Get SALT Encoding   

  12  0:01  Probe  
  13  0:13  Probe  
  14  0:22  Pylon  
  14  0:25  Probe  
  15  0:39  Probe  
  15  0:47  Probe  
  16  0:50  Gateway  
  17  0:57  Probe, Assimilator  
  18  1:09  Probe  
  19  1:21  Probe  
  20  1:33  Nexus  
  20  1:34  Probe  
  21  1:43  Probe  
  21  1:44  Cybernetics Core  
  22  1:51  Probe  
  22  1:58  Assimilator  
  23  2:07  Pylon  
  23  2:13  Gateway  
  23  2:17  Pylon  
  23  2:22  Probe  
  24  2:30  Probe  
  24  2:37  Warp Gate  
  25  2:47  Stargate  
  25  2:50  Probe  
  26  2:51  Probe  
  26  2:54  Stalker  
  27  3:02  Stalker  
  27  3:04  Probe  
  30  3:17  Gateway  
  30  3:20  Probe x2  
  32  3:30  Adept  
  32  3:32  Adept  
  36  3:34  Probe  
  36  3:36  Probe  
  38  3:42  Oracle  
  38  3:43  Pylon  
  38  3:53  Probe  
  38  3:55  Probe  
  43  4:05  Probe  
  43  4:07  Probe  
  45  4:18  Forge  
  45  4:20  Shield Battery  
  45  4:24  Shield Battery  
  45  4:26  Stalker x2  
  49  4:31  Stalker  
  51  4:42  Probe  
  51  4:43  Probe  
  53  4:55  Probe x2, Photon Cannon  
  53  5:07  Probe x2  
  54  5:19  Probe x2  
  54  5:20  Pylon  
  56  5:23  Fleet Beacon  
  56  5:27  Assimilator  
  56  5:29  Assimilator  
  56  5:31  Pylon, Probe x2  
  56  5:35  Stalker x2, Pylon  
  62  5:43  Probe  
  63  5:50  Photon Cannon  
  63  5:54  Photon Cannon  
  63  5:56  Photon Cannon  
  63  6:00  Photon Cannon  
  63  6:01  Photon Cannon  
  63  6:04  Photon Cannon  
  63  6:18  Carrier  
  69  6:26  Stargate  
  69  6:31  Protoss Air Weapons Level 1  
  69  6:32  Protoss Shields Level 1  
  69  6:37  Stalker  
  71  6:57  Twilight Council  
  71  6:58  Stalker x2  
  75  7:10  Gateway  
  75  7:12  Gateway  
  75  7:14  Gateway  
  75  7:16  Carrier  
  75  7:39  Carrier  
  81  7:49  Blink  
  81  7:51  Nexus  
  81  8:01  Pylon  
  81  8:03  Pylon  
  81  8:08  Pylon  
  81  8:11  Stargate  
  81  8:12  Cybernetics Core  
  79  8:29  Carrier  
  83  8:38  Probe x2  
  83  8:48  Carrier  
  89  8:56  Probe x2  
  89  8:59  Photon Cannon  
  91  9:03  Photon Cannon  
  91  9:07  Photon Cannon  
  91  9:08  Probe  
  92  9:15  Photon Cannon  
  92  9:19  Shield Battery  
  92  9:22  Probe x2  
  92  9:23  Probe  
  95  9:26  Carrier  
  101  9:40  Carrier  
  101  9:41  Stargate  
  101  9:44  Pylon  
  101  9:59  Probe x2  
  109  10:00  Probe  
  109  10:03  Assimilator  
  109  10:06  Assimilator  
  110  10:11  Probe x2  
  108  10:21  Carrier  
  108  10:26  Carrier  
  116  10:37  Probe x3  
  117  10:48  Charge  
  117  10:49  Probe  
  118  11:02  Tempest  
  123  11:14  Probe  
  123  11:16  Tempest  
  129  11:18  Zealot x2  
  129  11:23  Pylon  
  129  11:25  Pylon  
  133  11:27  Protoss Air Weapons Level 2  
  133  11:30  Pylon  
  133  11:33  Pylon  
  133  11:34  Pylon  
  133  11:48  Tempest x2  
  143  11:59  Nexus  
  143  12:09  Tempest  
  143  12:11  Tempest  
  149  12:26  Probe  
  149  12:27  Probe x2  
  152  12:31  Tempest  
  157  12:42  Protoss Air Armor Level 1  
  157  12:48  Stargate  
  157  12:49  Stargate  
  157  12:52  Probe x3  
  157  12:53  Pylon  
  157  12:57  Pylon  
  160  13:04  Tempest  
  165  13:07  Tempest  
  170  13:24  Tempest  
  170  13:26  Probe x2  
  170  13:27  Probe x2  
  179  13:32  Photon Cannon  
  178  13:36  Photon Cannon  
  178  13:38  Probe x2  
  178  13:39  Probe x2  
  181  13:44  Tempest  
  186  13:56  Probe x4  
  190  14:04  Assimilator  
  190  14:07  Assimilator  
  184  14:37  Gateway  
  172  14:38  Gateway  
  172  14:40  Gateway  
  172  14:42  Gateway  
  172  14:44  Gateway  
  155  14:45  Gateway  
  145  14:54  Zealot x3  
  145  14:55  Zealot x3  
Show
View Real Time Build Order
Export as new Build Order

Sketchaphone Zerg - Winner!

Build Orders: Hatch First, Muta Ling Bane 

Get SALT Encoding   

  12  0:01  Drone  
  13  0:12  Overlord  
  13  0:17  Drone  
  13  0:20  Extractor  
  13  0:23  Drone  
  15  0:30  Drone  
  15  0:34  Drone  
  17  0:54  Hatchery  
  16  0:58  Drone  
  16  1:01  Extractor  
  16  1:06  Drone  
  16  1:08  Drone  
  18  1:22  Spawning Pool  
  18  1:24  Drone  
  18  1:32  Drone  
  19  1:42  Drone  
  20  1:54  Overlord  
  20  2:08  Metabolic Boost  
  20  2:09  Queen  
  20  2:11  Queen  
  20  2:12  Overlord  
  20  2:14  Drone  
  25  2:20  Zergling x2  
  25  2:21  Zergling x2  
  27  2:24  Zergling x2  
  27  2:27  Zergling x2  
  29  2:32  Zergling x2  
  30  2:40  Zergling x2  
  31  2:49  Queen, Baneling Nest  
  32  2:52  Zergling x2  
  32  2:57  Drone  
  34  2:58  Zergling x2  
  35  3:18  Zergling x2  
  36  3:21  Zergling x4  
  36  3:22  Zergling x10  
  43  3:32  Overlord  
  43  3:33  Drone  
  44  3:43  Baneling  
  44  3:44  Baneling x6  
  44  3:52  Overlord  
  44  3:57  Overlord  
  44  3:58  Drone  
  40  4:28  Drone  
  40  4:29  Drone x2  
  40  4:30  Drone x4  
  40  4:31  Drone x2  
  48  4:45  Zergling x6  
  47  4:53  Drone  
  47  4:55  Lair  
  47  5:00  Hatchery  
  46  5:10  Zergling x6  
  46  5:17  Drone x2  
  46  5:21  Queen, Spore Crawler  
  45  5:24  Spore Crawler  
  45  5:25  Spore Crawler  
  45  5:30  Overlord  
  42  5:52  Zergling x6  
  42  5:53  Zergling x8  
  42  5:54  Baneling x6  
  49  6:02  Drone x3  
  51  6:04  Zergling x2  
  51  6:10  Drone x2  
  54  6:14  Zergling x2  
  55  6:26  Drone x3  
  55  6:27  Spore Crawler  
  55  6:29  Drone x2  
  55  6:30  Extractor  
  55  6:31  Overlord  
  55  6:32  Drone  
  59  6:38  Drone x2  
  61  6:43  Drone x4  
  61  6:44  Spore Crawler  
  63  6:49  Spore Crawler  
  52  6:54  Spore Crawler  
  50  7:06  Nydus Network  
  49  7:14  Drone x8  
  57  7:20  Zergling x2  
  58  7:24  Evolution Chamber  
  58  7:25  Evolution Chamber  
  58  7:26  Extractor  
  58  7:29  Extractor  
  53  7:31  Spore Crawler  
  53  7:32  Spore Crawler  
  53  7:33  Zergling x10  
  55  7:41  Drone x3  
  55  7:42  Evolution Chamber  
  55  7:48  Spine Crawler  
  51  7:55  Drone x2  
  51  7:56  Drone x3  
  56  8:07  Drone  
  56  8:08  Zerg Ground Armor Level 1  
  56  8:09  Zerg Melee Weapons Level 1  
  56  8:12  Zergling x14  
  64  8:21  Drone x2  
  66  8:34  Zergling x8  
  66  8:39  Spire  
  69  8:46  Drone x6  
  75  8:48  Extractor  
  75  8:50  Extractor  
  73  9:01  Hatchery  
  72  9:16  Centrifical Hooks  
  72  9:20  Drone x2  
  72  9:21  Drone x3  
  72  9:22  Drone x2  
  79  9:41  Overlord  
  79  9:46  Overseer  
  79  9:51  Zerg Flyer Weapons Level 1, Mutalisk  
  80  9:53  Overlord  
  80  9:54  Overlord, Drone  
  81  10:04  Overseer  
  81  10:10  Zergling x12  
  81  10:11  Zergling x6  
  81  10:13  Zergling x8  
  92  10:22  Zergling x12  
  92  10:26  Zergling x2  
  81  10:40  Corruptor x4  
  81  10:41  Overlord  
  81  10:42  Overlord x2  
  86  10:45  Overlord x3  
  70  11:00  Zergling x8  
  70  11:02  Nydus Canal  
  74  11:05  Zerg Ground Armor Level 2  
  74  11:06  Zerg Melee Weapons Level 2  
  74  11:07  Mutalisk  
  74  11:08  Mutalisk x2  
  78  11:13  Queen  
  75  11:30  Zergling x12  
  70  11:42  Mutalisk  
  70  11:44  Drone x7  
  78  11:48  Extractor  
  78  11:50  Extractor  
  78  11:53  Corruptor x3  
  78  11:58  Corruptor  
  80  12:11  Corruptor x4  
  86  12:27  Corruptor  
  86  12:28  Corruptor x2  
  68  13:06  Corruptor x7  
  80  13:22  Drone  
  80  13:23  Drone x5  
  80  13:25  Overseer  
  86  13:53  Hatchery  
  85  14:00  Zergling x12  
  91  14:14  Zergling x4  
  91  14:15  Infestation Pit  
  92  14:23  Zergling x8  
  96  14:34  Zergling x4  
  98  14:44  Zergling x4  
Show
View Real Time Build Order
Export as new Build Order

Whorgez Protoss 

Build Orders: Phoenix Opening 

Get SALT Encoding   

  1  0:00  Probe  
  12  0:05  Probe  
  14  0:15  Probe  
  15  0:25  Pylon  
  15  0:43  Probe, Gateway  
  16  0:50  Assimilator  
  16  0:55  Probe  
  17  1:05  Probe  
  17  1:10  Assimilator  
  18  1:13  Probe  
  19  1:22  Probe  
  20  1:31  Cybernetics Core  
  20  1:34  Probe  
  21  1:46  Probe  
  22  1:50  Pylon  
  22  2:02  Probe  
  23  2:15  Stargate  
  23  2:20  Nexus  
  23  2:25  Stargate  
  23  2:39  Adept  
  25  2:59  Phoenix  
  25  3:03  Probe  
  28  3:09  Phoenix  
  28  3:12  Pylon  
  30  3:14  Pylon  
  30  3:15  Probe  
  31  3:27  Pylon  
  31  3:29  Phoenix  
  31  3:33  Probe x2  
  35  3:35  Phoenix  
  35  3:45  Probe x2  
  37  3:53  Probe  
  37  3:54  Probe  
  41  4:03  Probe x2  
  41  4:08  Assimilator  
  43  4:11  Assimilator  
  43  4:15  Probe x2  
  45  4:27  Void Ray  
  31  5:20  Probe x2  
  31  5:28  Probe x2  
  35  5:38  Probe x2  
  35  5:40  Void Ray  
  37  5:50  Void Ray  
  45  6:04  Adept  
  41  6:11  Probe  
  41  6:12  Probe  
  45  6:27  Probe x2  
  45  6:29  Void Ray  
  51  6:33  Adept  
  51  6:34  Twilight Council  
  53  7:00  Probe  
  54  7:25  Void Ray  
  54  7:28  Probe x2  
  48  7:40  Probe x2  
  48  7:43  Void Ray  
  54  7:53  Probe  
  53  8:01  Pylon  
  53  8:02  Pylon  
  53  8:04  Pylon  
  53  8:08  Protoss Air Armor Level 1, Robotics Facility  
  53  8:16  Pylon  
  53  8:18  Void Ray  
  57  8:36  Probe x2  
  59  8:42  Void Ray  
  59  8:44  Probe x2  
  65  8:54  Probe  
  65  8:56  Gateway  
  65  8:57  Gateway  
  65  8:59  Probe, Charge  
  65  9:00  Gateway  
  67  9:06  Probe  
  67  9:07  Dark Shrine  
  68  9:12  Observer  
  68  9:16  Probe  
  70  9:18  Probe  
  70  9:23  Void Ray  
  75  9:30  Pylon  
  75  9:34  Observer  
  76  9:52  Warp Gate  
  76  9:55  Observer  
  76  9:58  Nexus, Probe x2  
  79  10:01  Assimilator  
  79  10:05  Assimilator  
  79  10:12  Pylon  
  79  10:14  Pylon  
  75  10:53  Dark Templar  
  73  10:58  Probe x2, Gateway  
  75  11:10  Probe x2  
  77  11:22  Probe x2  
  77  11:24  Dark Templar  
  81  11:34  Probe x2  
  83  11:46  Probe  
  83  11:47  Probe  
  85  11:52  Dark Templar x3  
  83  12:22  Pylon x2  
  71  12:25  Pylon  
  63  12:36  Stalker x4  
  63  12:37  Stalker  
  71  12:45  Fleet Beacon  
  71  12:48  Stargate  
  71  12:50  Stargate  
  71  12:53  Stargate  
  68  13:08  Stalker x3  
  68  13:09  Stalker  
  65  13:22  Tempest  
  65  13:25  Tempest x3  
  62  13:28  Tempest  
  71  13:58  Tempest  
  71  14:07  Tempest  
  71  14:08  Stalker  
Show
View Real Time Build Order
Export as new Build Order

jabroot Terran 

Build Orders:  

Get SALT Encoding   

  12  0:01  SCV  
  13  0:18  SCV  
  14  0:30  SCV  
  14  0:33  Supply Depot  
  15  0:48  Refinery  
  15  0:55  SCV  
  16  1:02  Barracks  
  16  1:07  SCV  
  17  1:19  SCV  
  18  1:35  SCV  
  18  1:37  Command Center  
  19  1:50  Orbital Command  
  19  2:19  Marine  
  19  2:22  SCV  
  21  2:27  Supply Depot  
  21  2:29  Engineering Bay, Refinery  
  21  2:34  SCV  
  25  2:51  Orbital Command  
  22  2:55  SCV  
  23  3:01  Missile Turret  
  23  3:05  Marine  
  24  3:09  Bunker  
  24  3:12  SCV  
  25  3:13  Missile Turret  
  25  3:15  Hi-Sec Auto Tracking  
  25  3:31  SCV  
  26  3:40  Barracks Tech Lab  
  26  3:48  SCV  
  27  3:52  Refinery  
  27  3:53  Supply Depot  
  27  4:00  Refinery, SCV  
  27  4:02  SCV  
  29  4:07  Marine  
  30  4:14  SCV  
  31  4:20  Supply Depot, SCV  
  32  4:25  Marine  
  32  4:27  SCV  
  32  4:29  Factory  
  32  4:43  Marine  
  24  5:01  Marine  
  24  5:06  SCV  
  26  5:14  Supply Depot  
  26  5:18  SCV  
  27  5:23  Factory Tech Lab  
  27  5:24  Marine  
  28  5:40  SCV  
  28  5:42  Marine  
  25  5:50  Siege Tank  
  25  5:52  SCV  
  29  5:58  Factory  
  29  6:01  Barracks Tech Lab  
  29  6:04  SCV  
  29  6:07  Barracks  
  29  6:08  SCV  
  31  6:14  Terran Infantry Weapons Level 1  
  31  6:16  SCV  
  32  6:20  Armory, SCV  
  32  6:22  Marine, Siege Tank  
  37  6:26  Stimpack  
  37  6:28  SCV  
  37  6:32  SCV  
  39  6:46  Factory Tech Lab  
  39  6:54  Siege Tank  
  39  6:59  Barracks Reactor  
  39  7:00  Marauder  
  44  7:04  SCV  
  44  7:05  SCV  
  46  7:10  Armory, Terran Vehicle Weapons Level 1  
  46  7:16  Starport  
  46  7:17  SCV x2  
  48  7:29  SCV x2  
  50  7:38  Thor  
  50  7:40  Marine x2  
  58  7:46  SCV  
  59  7:55  Supply Depot  
  59  7:56  Marine  
  59  7:58  Marine x2  
  61  7:59  Starport Reactor  
  61  8:02  Terran Vehicle And Ship Armor Level 1  
  62  8:05  Supply Depot  
  62  8:06  Supply Depot  
  62  8:17  Marine x3, SCV x2  
  62  8:19  Supply Depot  
  67  8:34  Marine x2  
  67  8:35  Marine  
  70  8:45  Thor  
  76  8:49  Medivac x2  
  76  8:53  Concussive Shells  
  76  8:54  Marine x2  
  83  8:56  Marauder  
  84  9:11  Supply Depot  
  84  9:13  Terran Vehicle Weapons Level 2  
  84  9:15  Terran Infantry Armor Level 1  
  84  9:19  Medivac x2  
  84  9:20  Marine x2  
  84  9:22  Marauder  
  92  9:33  Siege Tank  
  95  9:39  Supply Depot  
  95  9:56  Thor  
  95  9:57  Marine  
  102  10:00  Marine  
  102  10:01  Marauder  
  102  10:02  Supply Depot  
  105  10:15  Marine  
  105  10:18  Marine  
  101  10:22  Marauder  
  101  10:25  Supply Depot  
  79  10:44  Marauder  
  81  10:51  Thor  
  81  10:52  Thor  
  81  10:53  Marine x2  
  95  11:05  Marauder  
  97  11:11  Marine x2  
  97  11:16  Medivac x2  
  102  11:29  Marine  
  97  11:34  Thor  
  100  11:51  Medivac x2  
  100  11:53  Terran Vehicle And Ship Armor Level 2  
  103  11:58  Marine x2  
  103  12:00  Marine  
  86  12:16  Marine x2  
  86  12:18  Marine, SCV  
  90  12:29  Command Center  
  83  12:30  Missile Turret, SCV  
  83  12:34  Marine x2  
  83  12:36  Marine  
  73  12:43  SCV  
  60  12:52  Marine x2  
  60  12:53  Marine  
  60  12:55  SCV  
  59  13:07  SCV  
  59  13:10  Marine x2  
  59  13:11  Marine  
  55  13:27  Missile Turret  
  55  13:29  Missile Turret  
  55  13:32  Missile Turret  
  54  13:34  Missile Turret  
  43  13:45  Missile Turret  
  43  13:46  Missile Turret  
  43  13:48  Missile Turret x2  
  34  13:53  Missile Turret  
  23  13:57  Missile Turret  
Tags
 
Add a new tag
Caveats
  • Supply blocks, unpowered buildings, or Contaminate may cause inaccurate times.
  • Supply counts are checked every 10 seconds.